 Dungeon Crawl Stone Soup version 0.19-a0-1065-gdac414d (webtiles) character file.

10721 HAL9000 the Carver (level 11, -21/100 HPs)
             Began as a Minotaur Fighter on Aug 2, 2016.
             Was a Follower of Ru.
             Demolished by a tentacled starspawn (23 damage)
             ... on level 3 of the Abyss on Aug 3, 2016.
             The game lasted 00:24:23 (11414 turns).

HAL9000 the Carver (Minotaur Fighter)              Turns: 11414, Time: 00:24:24

Health: -21/100    AC: 18    Str: 21    XL:     11   Next: 39%
Magic:  10/10      EV:  3    Int:  5    God:    Ru [*.....]
Gold:   330        SH: 12    Dex: 13    Spells: 0 memorised, 10 levels left

rFire  . . .     SeeInvis .     W - +0 scimitar
rCold  . . .     Gourm    .     O - +0 plate armour
rNeg   . . .     Faith    .     c - +0 shield
rPois  +         Spirit   .     Z - +1 hat {MR+}
rElec  .         Dismiss  .     (no cloak)
rCorr  .         Reflect  .     U - +0 pair of gloves
SustAt .         Harm     .     h - +0 pair of boots
MR     ++...                    (no amulet)
Stlth  ..........               x - ring of protection from magic
                                V - ring of poison resistance

@: constricted
A: retaliatory headbutt, horns 2, no fire magic, no translocations magic, no
transmutations magic
a: Sacrifice an Eye, Sacrifice Durability, Sacrifice a Hand, Reject Sacrifices,
Renounce Religion


You were on level 3 of the Abyss.
You worshipped Ru.
Ru was aware of your devotion.
You were not hungry.

You visited 1 branch of the dungeon, and saw 11 of its levels.
You visited the Abyss 1 time.

You collected 633 gold pieces.
You spent 303 gold pieces at shops.

Inventory:

Hand Weapons
 W - a +0 scimitar (weapon)
Armour
 c - a +0 shield (worn)
 h - a +0 pair of boots (worn)
 O - a +0 plate armour (worn)
 U - a +0 pair of gloves (worn)
 Z - a +1 hat of magic resistance (worn)
Jewellery
 t - an uncursed ring of fire
 x - a ring of protection from magic (right hand)
 P - an uncursed ring of magical power
 V - a ring of poison resistance (left hand)
Wands
 y - a wand of confusion (20/48)
 K - a wand of enslavement (5/24)
 L - a wand of polymorph (13/24)
 M - a wand of teleportation (4/9)
 S - a wand of random effects (34/48)
Scrolls
 g - a scroll of enchant weapon {unknown}
 j - 2 scrolls of blinking
 s - 7 scrolls of teleportation
 u - 2 scrolls of identify
 v - 2 scrolls of remove curse
 F - a scroll of magic mapping {unknown}
 G - 2 scrolls of recharging {unknown}
 H - a scroll of random uselessness {unknown}
 Q - 2 scrolls of enchant armour
 R - a scroll of fog {unknown}
 T - a scroll of fear {unknown}
 X - 2 scrolls of vulnerability {unknown}
 Y - a scroll of brand weapon {unknown}
Potions
 m - 2 potions of curing
 n - a potion of berserk rage
 p - 2 potions of resistance
 w - a potion of mutation {unknown}
 D - a potion of cancellation {unknown}
 E - a potion of invisibility
 J - a potion of ambrosia
 N - a potion of brilliance {unknown}
Miscellaneous
 r - a box of beasts
 z - a lamp of fire
Comestibles
 f - 8 bread rations
 o - 3 slices of pizza
 q - 5 meat rations
 A - 6 fruits
 C - 6 beef jerkies
 I - 11 royal jellies


   Skills:
 + Level 10.3 Fighting
 * Level 13.5 Long Blades
 + Level 10.2 Armour
 + Level 10.3 Shields


You had 10 spell levels left.
You didn't know any spells.

Dungeon Overview and Level Annotations

Branches:
Dungeon (11/15)            Temple (0/1) D:6            Lair (0/6) D:10
    Orc: D:9-12

Altars:
Ashenzari
Hepliaklqana
Makhleb
Pakellas
Qazlal
Ru
Sif Muna
Trog
The Shining One

Shops:
D:5 ?   D:6 ?   D:11 (

Portals:
Trove: D:10 (give 14 potions of curing)


Innate Abilities, Weirdness & Mutations

You reflexively headbutt those who attack you in melee.
You have a pair of horns on your head.
You cannot study or cast Fire magic.
You cannot study or cast Translocations magic.
You cannot study or cast Transmutations magic.


Message History

Unknown command.
You slash the starspawn tentacle! You headbutt the starspawn tentacle!
The starspawn tentacle is almost destroyed.
The starspawn tentacle constricts you. The tentacled starspawn bites you!
* * * LOW HITPOINT WARNING * * *
The tentacled starspawn barely misses you.
You slash the starspawn tentacle!
You destroy the starspawn tentacle!
Tentacles burst from the starspawn's body! 2 starspawn tentacles come into view.
Unknown command.
You block the tentacled starspawn's attack.
The tentacled starspawn engulfs you!
* * * LOW HITPOINT WARNING * * *
The starspawn tentacle grabs you.
You stop descending the stairs.
The starspawn tentacle constricts you.
Unknown command.
Your attempt to break free from the starspawn tentacle fails, but you feel that another attempt might succeed.
The tentacled starspawn bites you!!
You die...

####
#..## .#
##@w3# ..
..
##.wX.#
#. .
#.....###
.. .
#......#
#( # ...
#...##..#
.# ...
....#
##..#.#..
....#
...... #
.....
#..###.
###
.........
# .. #


You could see a tentacled starspawn, a smoke demon and 2 starspawn tentacles.

Vanquished Creatures
  Gastronok (D:8)
  A hill giant (D:8)
  Pikel (D:6)
  Psyche (D:7)
  Grinder (D:6)
  A hungry ghost (D:9)
  Eustachio (D:6)
  Grum (D:10)
  2 hippogriffs (D:7)
  2 hell hounds (D:10)
  2 soldier ants
  Duvessa (D:6)
  7 orc warriors
  6 ice beasts
  2 sky beasts
  2 phantoms
  2 slaves (D:6)
  8 ogres
  3 wolves (D:10)
  6 centaurs
  2 big kobolds
  The ghost of crawlian the Firebug, an amateur DEFE of Vehumet (D:4)
  6 giant frogs
  A water moccasin zombie (D:8)
  3 wyvern skeletons
  Dowan (D:6)
  2 scorpions
  8 killer bees
  8 wights
  2 howler monkeys
  A crimson imp (D:7)
  A quasit (D:7)
  A lava snake (D:9)
  7 hounds
  2 jellies
  2 giant frog skeletons
  4 gnoll shamans
  6 orc priests
  13 orc wizards
  2 iguanas
  11 worker ants
  A hound zombie (D:5)
  3 worker ant zombies
  14 gnolls
  13 adders
  3 shadow imps
  2 oozes
  2 worms
  An adder skeleton (D:9)
  7 giant geckos
  41 orcs
  7 giant cockroaches
  4 goblins
  10 hobgoblins
  7 jackals
  10 kobolds
  A quokka (D:7)
  8 bats
  A giant gecko skeleton (D:4)
  2 giant newts
  10 rats
  A fungus (D:1)
  2 starspawn tentacles (Abyss:3)
285 creatures vanquished.

Vanquished Creatures (others)
  A wolf (D:10)
  An orc (D:9)
  6 fungi (D:7)
  6 plants (D:7)
14 creatures vanquished.

Grand Total: 299 creatures vanquished

Notes
Turn   | Place    | Note
-------+----------+-------------------------------------------
     0 | D:1      | HAL9000 the Minotaur Fighter began the quest for the Orb.
     0 | D:1      | Reached XP level 1. HP: 19/19 MP: 0/0
   124 | D:1      | Reached XP level 2. HP: 23/27 MP: 1/1
   232 | D:1      | Reached skill level 3 in Long Blades
   273 | D:1      | Reached XP level 3. HP: 26/33 MP: 2/2
   346 | D:1      | Found a shattered altar of Ashenzari.
  1210 | D:2      | Found a burning altar of Makhleb.
  1248 | D:2      | Reached XP level 4. HP: 40/40 MP: 3/3
  1695 | D:3      | Reached skill level 4 in Long Blades
  1744 | D:3      | Found an oddly glowing altar of Pakellas.
  1817 | D:3      | Reached XP level 5. HP: 47/47 MP: 4/4
  2025 | D:4      | Noticed crawlian's ghost (amateur DEFE)
  2185 | D:4      | Killed crawlian's ghost
  2227 | D:4      | Reached skill level 5 in Armour
  2227 | D:4      | Reached XP level 6. HP: 55/55 MP: 5/5
  2239 | D:4      | Reached skill level 5 in Long Blades
  2260 | D:4      | Reached skill level 5 in Fighting
  2260 | D:4      | Reached skill level 5 in Shields
  2591 | D:5      | Entered Level 5 of the Dungeon
  2801 | D:5      | Noticed a sky beast
  2820 | D:5      | Killed a sky beast
  2820 | D:5      | Reached XP level 7. HP: 40/61 MP: 6/6
  3161 | D:5      | Reached skill level 6 in Long Blades
  3164 | D:5      | Found a hazy altar of Hepliaklqana.
  3164 | D:5      | Found a glowing golden altar of the Shining One.
  3165 | D:5      | Found an oddly glowing altar of Pakellas.
  3184 | D:5      | Found Edawael's Magic Scroll Shoppe.
  3202 | D:5      | Bought a scroll of teleportation for 30 gold pieces
  3663 | D:6      | Found Kishrih's Magic Scroll Boutique.
  3671 | D:6      | Bought a scroll of teleportation for 36 gold pieces
  3671 | D:6      | Bought a scroll of teleportation for 36 gold pieces
  3671 | D:6      | Found a staircase to the Ecumenical Temple.
  3900 | D:6      | Noticed Duvessa
  3938 | D:6      | Noticed Dowan
  3958 | D:6      | Killed Dowan
  3958 | D:6      | Reached skill level 7 in Long Blades
  3997 | D:6      | Killed Duvessa
  3997 | D:6      | Reached XP level 8. HP: 61/70 MP: 7/7
  4317 | D:6      | Found a deep blue altar of Sif Muna.
  4323 | D:6      | Noticed Pikel
  4423 | D:6      | Noticed Grinder
  4437 | D:6      | Paralysed by Grinder for 7 turns
  4439 | D:6      | Noticed Eustachio
  4446 | D:6      | Killed Grinder
  4446 | D:6      | Reached skill level 8 in Long Blades
  4466 | D:6      | Killed Eustachio
  4846 | D:6      | Killed Pikel
  4846 | D:6      | Reached skill level 9 in Long Blades
  4846 | D:6      | Reached XP level 9. HP: 28/79 MP: 8/8
  5412 | D:6      | Found a sacrificial altar of Ru.
  5424 | D:6      | Became a worshipper of Ru the Awakened
  5443 | D:6      | Found a stormy altar of Qazlal.
  6019 | D:7      | Reached skill level 10 in Long Blades
  7200 | D:7      | Reached skill level 11 in Long Blades
  7217 | D:7      | Upgraded the game from 0.19-a0-1057-g15bb84d to 0.19-a0-1065-gdac414d
  7552 | D:7      | Reached XP level 10. HP: 76/90 MP: 9/9
  7696 | D:8      | Noticed Psyche
  7712 | D:7      | Killed Psyche
  7947 | D:8      | Noticed Gastronok
  8195 | D:8      | Killed Gastronok
  8195 | D:8      | Reached skill level 12 in Long Blades
  8343 | D:8      | Gained mutation: You cannot study or cast Fire magic. [Ru sacrifice]
  8343 | D:8      | Gained mutation: You cannot study or cast Transmutations magic. [Ru sacrifice]
  8343 | D:8      | Gained mutation: You cannot study or cast Translocations magic. [Ru sacrifice]
  8343 | D:8      | Reached * piety under Ru
  8573 | D:8      | Noticed a hill giant
  8606 | D:8      | Killed a hill giant
  8848 | D:8      | Reached XP level 11. HP: 94/99 MP: 10/10
  9134 | D:8      | Reached skill level 10 in Fighting
  9171 | D:8      | Reached skill level 10 in Shields
  9345 | D:9      | Reached skill level 13 in Long Blades
  9603 | D:9      | Reached skill level 10 in Armour
  9702 | D:9      | Found a burning altar of Makhleb.
  9943 | D:10     | Entered Level 10 of the Dungeon
  9974 | D:10     | Found a portal to a secret trove of treasure.
 10183 | D:10     | Found a staircase to the Lair.
 10391 | D:10     | Found a bloodstained altar of Trog.
 10429 | D:10     | Noticed Grum
 10475 | D:10     | Killed Grum
 10831 | D:10     | Got a transparent leather armour
 10842 | D:10     | Identified the +3 leather armour of Hemn {+Fly rC+ Str+3 Int-4} (You found it on level 10 of the Dungeon)
 11328 | D:11     | Found Muedd's Antique Weapon Boutique.
 11340 | D:11     | Bought a runed falchion for 93 gold pieces
 11340 | D:11     | Bought a glowing long sword for 108 gold pieces
 11343 | D:11     | Cast into level 3 of the Abyss (a distortion unwield)
 11343 | Abyss:3  | Found a corrupted altar of Lugonu.
 11398 | Abyss:3  | Noticed a tentacled starspawn
 11413 | Abyss:3  | HP: 2/100 [tentacled starspawn (11)]
 11414 | Abyss:3  | Demolished by a tentacled starspawn

Vault maps used:
D:1:      dpeg_arrival_radiant, serial_bayou, serial_bayou_pond_c,
          serial_bayou_pond_b, serial_bayou_pond_b, serial_bayou_shore_b,
          minmay_gold_behind_fungi, nicolae_ashenzari_panopticon
D:2:      lemuel_crystal_altar, serial_bayou_crossing
D:3:      johnstein_pakellas_death_squad
D:4:      serial_bayou_lagoon_a
D:5:      gammafunk_temple_overflow_claw, serial_shops, kennysheep_little_box,
          first_bread
D:6:      grunt_qazlal_sundering, nicolae_overflow_crystal_walls, serial_shops,
          nicolae_shop_competitors_out_of_business, basic_altar, uniq_duvessa,
          uniq_grinder, uniq_eustachio, uniq_pikel
D:7:      kennysheep_seaside_town
D:8:      uniq_gastronok, uniq_psyche
D:9:      basic_altar, hangedman_pestilent_swarm, kennysheep_opposing_triangles
D:10:     minmay_lair_entry_lava, basic_altar, nicolae_trove_entry_free_sample,
          uniq_grum
D:11:     serial_shops, shop, uniq_erica

Skill      XL: |  1  2  3  4  5  6  7  8  9 10 11 |
---------------+----------------------------------+-----
Long Blades    | 3 4 5 7 9 11 12 13 | 13.5
Armour         | 4 5 6 7 8 9 10 | 10.2
Fighting       | 4 5 6 7 8 9 10 | 10.3
Shields        | 4 5 6 7 8 9 10 | 10.3

Action                   |  1- 3 |  4- 6 |  7- 9 | 10-12 || total
-------------------------+-------+-------+-------+-------++-------
Melee: Long sword        |   137 |   144 |   369 |       ||   650
       Headbutt          |    14 |    24 |    86 |   120 ||   244
       Scimitar          |       |       |    15 |   524 ||   539
Invok: Sacrifice Arcana  |       |       |       |     1 ||     1
Evoke: Wand              |       |       |     1 |       ||     1
  Use: Scroll            |       |       |     7 |    13 ||    20
       Potion            |       |       |     1 |     4 ||     5
 Stab: Distracted        |       |       |       |     1 ||     1
  Eat: Chunk             |     1 |     6 |    14 |    15 ||    36
       Fruit             |       |       |     1 |       ||     1
Armor: Scale mail        |    74 |    57 |       |       ||   131
       Chain mail        |       |    22 |   194 |    83 ||   299
       Plate armour      |       |       |       |   169 ||   169
Dodge: Dodged            |    42 |    33 |    93 |   103 ||   271
Block: Shield            |    68 |    55 |   231 |   312 ||   666
